 Dungeon Crawl Stone Soup version 0.27-a0-1242-ge70438ac7b (webtiles) character file.

Game seed: 14945799307070261222

14042 DasRunzen the Ducker (level 11, -1/91 HPs)
             Began as a Demigod Gladiator on June 8, 2021.
             Slain by a cane toad (17 damage)
             ... on level 1 of the Lair of Beasts on June 9, 2021.
             The game lasted 00:47:13 (19044 turns).

DasRunzen the Ducker (Demigod Gladiator)           Turns: 19044, Time: 00:47:14

Health: -1/91      AC: 19    Str: 24    XL:     11   Next: 54%
Magic:  23/23      EV: 15    Int: 20    God:
Gold:   225        SH: 12    Dex: 23    Spells: 12/21 levels left

rFire    . . .     SeeInvis .   d - +2 falchion (protect)
rCold    . . .     Faith    .   n - +0 kite shield
rNeg     + . .     Spirit   .   b - +0 leather armour
rPois    .         Reflect  .   g - +0 hat {Will+}
rElec    .         Harm     .   D - +2 cloak of Ajyng {Dex+4}
rCorr    .         Rampage  .   y - +4 pair of gloves of Trial and Error {+Inv Str+5}
Will     ++...                  (no boots)
Stlth    ++........             (no amulet)
HPRegen  0.25/turn              E - +6 ring of intelligence
MPRegen  0.18/turn              w - ring of positive energy

@: under a protective aura
A: high mp 1, forlorn
a: Evoke Invisibility


You were on level 1 of the Lair of Beasts.
You visited 2 branches of the dungeon, and saw 12 of its levels.

You collected 691 gold pieces.
You spent 466 gold pieces at shops.

Inventory:

Hand Weapons
 d - a +2 falchion of protection (weapon)
 u - a +2 spear of flaming
Missiles
 c - 23 poisoned darts (quivered)
Armour
 b - a +0 leather armour (worn)
 g - a +0 hat of willpower (worn)
 n - a +0 kite shield (worn)
 y - the +4 pair of gloves of Trial and Error (worn) {+Inv Str+5}
   (You found it on level 7 of the Dungeon)

   It affects your strength (+5).
   It lets you turn invisible.
 D - the +2 cloak of Ajyng (worn) {Dex+4}
   (You bought it in a shop on level 2 of the Dungeon)

   It affects your dexterity (+4).
Jewellery
 m - a ring of willpower
 w - a ring of positive energy (right hand)
 B - a ring of ice
 E - a +6 ring of intelligence (left hand)
Wands
 o - a wand of digging (10)
 r - a wand of polymorph (13)
Scrolls
 i - 2 scrolls of magic mapping
 k - 2 scrolls of teleportation
 l - a scroll of immolation {unknown}
 q - a scroll of amnesia {unknown}
 s - a scroll of fear {unknown}
 t - 2 scrolls of noise {unknown}
 x - 3 scrolls of enchant armour {unknown}
 A - 5 scrolls of acquirement {unknown}
 C - 2 scrolls of vulnerability {unknown}
 F - a scroll of fog {unknown}
 G - a scroll of blinking {unknown}
Potions
 a - a potion of mutation {unknown}
 e - 4 potions of berserk rage
 f - 6 potions of curing
 h - 2 potions of flight
 j - 3 potions of attraction
 p - 2 potions of heal wounds
 v - a potion of magic
 z - a potion of invisibility {unknown}


   Skills:
 + Level 6.7 Fighting
 + Level 7.0 Long Blades
 - Level 1.7 Throwing
 + Level 6.3 Armour
 + Level 7.0 Dodging
 + Level 6.0 Shields
 + Level 5.7 Spellcasting
 + Level 2.2 Conjurations
 + Level 6.1 Hexes
 + Level 0.3 Translocations
 + Level 4.7 Evocations


You had 12 spell levels left.
You knew the following spells:

 Your Spells              Type           Power      Damage    Failure   Level
a - Corona                Hex            33%        N/A       3%          1
b - Slow                  Hex            30%        N/A       4%          2
c - Magic Dart            Conj           56%        1d5       16%         1
d - Tukima's Dance        Hex            30%        N/A       9%          3
e - Blink                 Tloc           N/A        N/A       45%         2

Your spell library contained the following spells:

 Spells                   Type           Power      Damage    Failure   Level
 Confusing Touch          Hex            30%        N/A       9%          3
 Ensorcelled Hibernation  Hex/Ice        36%        N/A       16%         2
 Dazzling Flash           Conj/Hex       44%        N/A       21%         3
 Portal Projectile        Hex/Tloc       36%        N/A       30%         3
 Cause Fear               Hex            15%        N/A       30%         4
 Inner Flame              Hex/Fire       18%        N/A       32%         3
 Summon Guardian Golem    Hex/Summ       18%        N/A       32%         3
 Summon Small Mammal      Summ           20%        N/A       36%         1
 Call Imp                 Summ           5%         N/A       50%         2
 Conjure Flame            Conj/Fire      10%        6-21      58%         3
 Mephitic Cloud           Conj/Pois/Air  8%         N/A       63%         3
 Leda's Liquefaction      Hex/Erth       9%         N/A       71%         4
 Call Canine Familiar     Summ           5%         N/A       75%         3
 Summon Ice Beast         Ice/Summ       5%         N/A       98%         4
 Summon Lightning Spire   Summ/Air       5%         N/A       98%         4
 Iskenderun's Battlesphe  Conj           14%        2d7       99%         5
 Bolt of Magma            Conj/Fire/Erth 4%         4d5       100%        5
 Iron Shot                Conj/Erth      5%         9d2       100%        6
 Orb of Destruction       Conj           7%         9d3       100%        7
 Spellforged Servitor     Conj/Summ      5%         N/A       100%        7


Dungeon Overview and Level Annotations

Branches:
Dungeon (11/15)            Temple (0/1) D:5            Lair (1/6) D:10
    Orc (0/2) D:10

Shops:
D:1 :   D:2 :*[   D:4 :

Annotations:
D:4 Menkaure
D:7 2 transporters, exclusion: oklob plant, philipeq's ghost, novice DsFi


Innate Abilities, Weirdness & Mutations

Your attributes grow dramatically as you level up.
You have an increased reservoir of magic. (+10% MP)
You shall have no god before yourself.


Message History

You hit the cane toad.
The cane toad is severely wounded.
You feel very sick. The cane toad stings you!!
* * * LOW HITPOINT WARNING * * *
You are lethally poisoned!
The cane toad poisons you!
You barely miss the cane toad.
The cane toad is severely wounded.
* * * LOW HITPOINT WARNING * * *
You feel extremely sick. You block the cane toad's attack.
The cane toad stings you but does no damage.
Unknown command.
You feel better. You block the cane toad's attack.
Casting: Corona (safe; 3% risk of failure)
Confirm with . or Enter, or press ? or * to list all spells.
Aiming: Corona (safe; 3% risk of failure)
Press: ? - help, Shift-Dir - straight line, f/p - cane toad
Aim: a cane toad (severely wounded, softly glowing, chance to affect: 70%)
The cane toad glows brighter.
The cane toad barely misses you.
You barely miss the cane toad.
The cane toad is severely wounded.
You block the cane toad's attack.
The cane toad stings you but does no damage.
You hit the cane toad.
Your weapon exudes an aura of protection.
The cane toad is almost dead.
You block the cane toad's attack.
You barely miss the cane toad.
The cane toad is almost dead.
The cane toad misses you.
You riposte.
You hit the cane toad.
The cane toad is almost dead.
You hit the cane toad.
The cane toad is almost dead.
You block the cane toad's attack.
You hit the cane toad but do no damage.
The cane toad is almost dead.
You block the cane toad's attack. The cane toad stings you!
You die...

#.. .# ###.. ..#
#.#.♣+##.. #..
#..♣.#.. ###..
##.....## #....
##.......## ....
##.........## #..
#...F@......##
###..
#...#.....#...##
#.#.. #..
#..♣.###...#####...
# #....#
##..##.#..#[ #.....
##...#...##.
#..>...#.♣.♣♣..###.
#.....###...♣..####
#.....###...#.#.# #
#......#####


You could see a cane toad (corona).

Vanquished Creatures
  Gastronok (Lair:1)
  2 two-headed ogres
  2 cane toads (Lair:1)
  A komodo dragon (Lair:1)
  A rime drake (Lair:1)
  5 blink frogs (Lair:1)
  A wyvern (D:10)
  Sigmund (D:3)
  23 yaks
  2 basilisks (D:10)
  A fire bat (shapeshifter) (D:10)
  2 steam dragons (D:7)
  3 water moccasins
  A swamp drake (D:10)
  6 orc warriors
  2 black bears
  An ogre (D:5)
  A centaur (D:8)
  2 kobold brigands
  2 phantoms (D:5)
  7 bullfrogs
  3 scorpions
  2 wyvern zombies
  A gnoll sergeant (D:5)
  A wyvern skeleton (D:5)
  A water moccasin skeleton (D:6)
  12 wights
  15 killer bees
  A howler monkey (D:10)
  3 electric eels
  2 jellies
  3 centaur zombies
  2 hounds
  11 orc priests
  Terence (D:2)
  2 iguanas
  7 orc wizards
  2 killer bee zombies
  A hound zombie (D:5)
  9 gnolls
  4 adders
  2 white imps (D:7)
  An adder skeleton (D:5)
  A worm (D:2)
  38 orcs
  4 bats
  9 endoplasms
  5 giant cockroaches
  12 goblins
  5 hobgoblins
  11 jackals
  3 quokkas
  5 ball pythons
  3 frilled lizards
  19 kobolds
  7 rats
275 creatures vanquished.

Vanquished Creatures (others)
  3 fungi
  3 plants (D:10)
6 creatures vanquished.

Grand Total: 281 creatures vanquished

Notes
Turn   | Place    | Note
-------+----------+-------------------------------------------
     0 | D:1      | DasRunzen the Demigod Gladiator began the quest for the
                  | Orb.
     0 | D:1      | Reached XP level 1. HP: 17/17 MP: 3/3
   239 | D:1      | Found Pezues's Book Shop.
   282 | D:1      | Reached XP level 2. HP: 21/24 MP: 4/4
  1266 | D:2      | Found Pinugoan's Book Shop.
  1321 | D:2      | Found Boumu's Assorted Antiques.
  1326 | D:2      | Bought a scroll of identify for 58 gold pieces
  1349 | D:2      | Noticed Terence
  1375 | D:2      | Killed Terence
  1376 | D:2      | Reached skill level 1 in Armour
  1376 | D:2      | Reached skill level 1 in Spellcasting
  1376 | D:2      | Reached XP level 3. HP: 14/29 MP: 7/7
  1806 | D:2      | Learned a level 1 spell: Corona
  1919 | D:2      | Found Hutiefif's Antique Armour Emporium.
  1971 | D:2      | Reached XP level 4. HP: 35/37 MP: 8/8
  3057 | D:3      | Noticed Sigmund
  3215 | D:4      | Noticed Menkaure
  3308 | D:4      | Reached skill level 1 in Hexes
  3308 | D:4      | Reached XP level 5. HP: 16/42 MP: 8/10
  3650 | D:4      | Found Tuir Lol's Book Boutique.
  3715 | D:4      | Reached skill level 1 in Shields
  3723 | D:4      | Reached XP level 6. HP: 35/50 MP: 11/11
  4398 | D:3      | Killed Sigmund
  4443 | D:5      | Entered Level 5 of the Dungeon
  4662 | D:5      | Reached XP level 7. HP: 27/57 MP: 13/13
  4832 | D:5      | Found a staircase to the Ecumenical Temple.
  6204 | D:6      | Reached XP level 8. HP: 54/66 MP: 13/15
  6780 | D:5      | Learned a level 2 spell: Slow
  8315 | D:7      | Upgraded the game from 0.27-a0-1230-gfc7c993222 to
                  | 0.27-a0-1242-ge70438ac7b
  8362 | D:7      | Identified the +4 pair of gloves of Trial and Error {+Inv
                  | Str+5}
  8832 | D:7      | Noticed an oklob plant
  8833 | D:7      | Noticed a slime creature
  8858 | D:7      | Reached skill level 5 in Dodging
  8962 | D:7      | Found a transporter.
  8986 | D:7      | Noticed philipeq's ghost (novice DsFi)
  8989 | D:7      | Found a transporter.
  8989 | D:7      | Identified the +2 mace "Impbane" {freeze, Fly rElec Dex+3}
  9069 | D:7      | Reached skill level 5 in Long Blades
  9069 | D:7      | Reached skill level 1 in Evocations
  9078 | D:7      | Reached XP level 9. HP: 46/72 MP: 14/18
 10375 | D:8      | Reached skill level 5 in Fighting
 11850 | D:2      | Bought a polished cloak for 275 gold pieces
 11850 | D:2      | Identified the +2 cloak of Ajyng {Dex+4} (You bought it in
                  | a shop on level 2 of the Dungeon)
 11915 | D:2      | Bought a runed hat for 133 gold pieces
 12409 | D:9      | Noticed a fire dragon
 13010 | D:8      | Reached skill level 5 in Armour
 13129 | D:8      | Reached XP level 10. HP: 79/81 MP: 17/20
 13997 | D:10     | Entered Level 10 of the Dungeon
 14093 | D:9      | Reached skill level 5 in Hexes
 14396 | D:10     | Reached skill level 5 in Shields
 14631 | D:10     | Found a staircase to the Lair.
 14895 | D:10     | Reached skill level 5 in Spellcasting
 15114 | D:10     | Noticed a two-headed ogre
 15141 | D:10     | Killed a two-headed ogre
 15345 | D:10     | Noticed a two-headed ogre
 15989 | D:9      | Killed a two-headed ogre
 16511 | D:10     | Learned a level 1 spell: Magic Dart
 16578 | D:10     | Reached XP level 11. HP: 89/89 MP: 20/22
 17191 | D:10     | Found a staircase to the Orcish Mines.
 17217 | D:10     | Learned a level 3 spell: Tukima's Dance
 17220 | D:10     | Learned a level 2 spell: Blink
 17612 | D:11     | Noticed a six-headed hydra
 17647 | Lair:1   | Entered Level 1 of the Lair of Beasts
 17994 | Lair:1   | Reached skill level 1 in Conjurations
 18305 | Lair:1   | Noticed Gastronok
 18362 | Lair:1   | Killed Gastronok
 19037 | Lair:1   | HP: 4/91 [poisoned by a cane toad]
 19044 | Lair:1   | Slain by a cane toad

Illustrated notes

Levels and vault maps discovered:
D:1:      sevenhm_arrival_forest_fort_large_4, layout_basic, serial_shops,
          nicolae_shop_stone
D:2:      layout_basic, serial_shops, nicolae_shop_behind_doors, shop, shop,
          hellmonk_ecumenical_altar_run_dry, due_unseen_surprise, uniq_terence
D:3:      layout_basic, uniq_sigmund
D:4:      layout_basic, serial_shops, shop, uniq_menkaure
D:5:      layout_basic, minmay_temple_entry_gardened_gates
D:6:      layout_loops_ring, lightli_minifort
D:7:      layout_loops_ring, nzn_ghost_randoct
D:8:      layout_basic, nicolae_overflow_hidden_temple,
          kennysheep_generic_room_9
D:9:      dragon1_lemuel, layout_irregular_city
D:10:     layout_basic, david_lair_generic, erik_orc_1, kennysheep_nub
D:11:     layout_gridville, uniq_fannar, uniq_snorg, uniq_grum
Lair:1:   layout_layer_cave, basic_altar, grunt_megastairs_5, uniq_gastronok

Skill      XL: |  1  2  3  4  5  6  7  8  9 10 11 |
---------------+----------------------------------+-----
Fighting       | 2 3 4 5 6 |  6.7
Long Blades    | 3 4 5 6 7 |  7.0
Armour         | 1 2 3 4 5 6 |  6.3
Dodging        | 3 4 5 6 7 |  7.0
Spellcasting   | 1 2 3 4 5 |  5.7
Hexes          | 1 2 3 4 5 6 |  6.1
Shields        | 1 2 3 4 5 6 |  6.0
Evocations     | 1 2 4 |  4.7
Conjurations   | 2 |  2.2
Throwing       | |  1.7
Translocations | |  0.3

Action                   |  1- 3 |  4- 6 |  7- 9 | 10-12 || total
-------------------------+-------+-------+-------+-------++-------
Melee: Long sword        |    88 |       |       |       ||    88
       Falchion          |    31 |   176 |   663 |   569 ||  1439
Throw: Throwing net      |     3 |       |       |       ||     3
 Cast: Corona            |       |     3 |    70 |    92 ||   165
       Slow              |       |       |       |    10 ||    10
  Use: Scroll            |     2 |     5 |     1 |     2 ||    10
       Potion            |       |       |       |     2 ||     2
 Stab: Sleeping          |     2 |     2 |       |       ||     4
       Held in net/web   |     1 |       |       |       ||     1
       Confused          |       |       |       |     1 ||     1
Armor: Leather armour    |    37 |    72 |   273 |   170 ||   552
Dodge: Dodged            |    83 |   123 |   541 |   274 ||  1021
Block: Kite shield       |       |       |    95 |   297 ||   392
       Rpst.: Long sword |    15 |       |       |       ||    15
       Falchion          |     5 |    39 |   153 |    82 ||   279

Table legend: (Time is in decaauts)
 A = Elapsed time spent in this place.
 B = Non-inter-level travel time spent in this place.
 C = Inter-level travel time spent in this place.
 D = Time resting spent in this place.
 E = Time spent auto-exploring this place.
 F = Levels seen in this place.
 G = Mean time per level.
                   A        B        C        D        E       F      G
               +--------+--------+--------+--------+--------+-----+--------+
         Total |  19292 |  18437 |    855 |   5545 |   8803 |  12 | 1607.7 |
       Dungeon |  17870 |  17015 |    855 |   4923 |   8305 |  11 | 1624.5 |
          Lair |   1422 |   1422 |      0 |    622 |    498 |   1 | 1422.0 |
               +--------+--------+--------+--------+--------+-----+--------+

Top non-repeatable levels by time:
     D:9: 2469 daAuts
     D:5: 2428 daAuts
    D:10: 2227 daAuts
     D:8: 2211 daAuts
     D:6: 1874 daAuts
     D:7: 1714 daAuts
  Lair:1: 1422 daAuts
     D:2: 1361 daAuts
     D:4: 1343 daAuts
     D:1: 1229 daAuts
     D:3: 995 daAuts
    D:11: 15 daAuts
